 Dungeon Crawl Stone Soup version 0.29.0-5-ge4962eb29e (webtiles) character file.

Game seed: 7298030005633706517

479 PieDemon the Chopper (level 7, -1/57 HPs)
             Began as a Meteoran Abyssal Knight on Aug 29, 2022.
             Was a Priest of Lugonu.
             Slain by a gnoll
             ... wielding a +0 spear
              (4 damage)
             ... on level 5 of the Dungeon.
             The game lasted 00:13:08 (1400 turns).

PieDemon the Chopper (Meteoran Abyssal Knight)      Turns: 1400, Time: 00:13:12

Health: -1/57      AC: 13    Str: 17    XL:     7   Next: 60%
Magic:  7/12       EV:  5    Int: 12    God:    Lugonu [***...]
Gold:   196        SH:  0    Dex: 14    Spells: 6/6 levels left

rFire   . . .      SeeInvis .   a - +1 hand axe
rCold   . . .      Faith    .   (no shield)
rNeg    . . .      Spirit   .   f - +1 plate armour
rPois   .          Reflect  .   (no helmet)
rElec   .          Harm     .   (no cloak)
rCorr   .          Rampage  .   (no gloves)
Will    .....                   (no boots)
Stlth   ..........              (no amulet)
HPRegen 0.19/turn               (no ring)
MPRegen 0.13/turn               (no ring)

@: glowing
A: sense surroundings 1, otherworldly, glowing, explore regen
a: Renounce Religion, Depart the Abyss, Bend Space, Banish


You were on level 5 of the Dungeon.
You worshipped Lugonu.
Lugonu was most pleased with you.
You visited 1 branch of the dungeon, and saw 6 of its levels.
You visited the Abyss 1 time.

You collected 196 gold pieces.

Inventory:

Hand Weapons
 a - a +1 hand axe (weapon)
 k - a +0 flail
Armour
 f - a +1 plate armour (worn)
Wands
 q - a wand of light (9)
Scrolls
 b - a scroll of butterflies
 e - a scroll of fear {unknown}
 g - a scroll of blinking {unknown}
 h - a scroll of silence {unknown}
 i - a scroll of torment {unknown}
 j - a scroll of magic mapping {unknown}
 l - 2 scrolls of identify
 m - 2 scrolls of enchant armour
 n - a scroll of immolation {unknown}
 o - a scroll of noise {unknown}
 p - a scroll of summoning {unknown}
 r - a scroll of enchant weapon {unknown}
Potions
 c - a potion of flight {unknown}


   Skills:
 - Level 3.2 Fighting
 * Level 6.8 Axes
 - Level 4.4 Armour
 - Level 1.2 Dodging
 + Level 5.3 Invocations


You had 6 spell levels left.
You didn't know any spells.
Your spell library was empty.

Dungeon Overview and Level Annotations

Branches:
Dungeon (6/15) Zot: 2179
 Temple: D:4-7

Altars:
Gozag
Zin

Annotations:
D:2 exclusion: downstairs
D:4 1 runed translucent door, ProzacElf's ghost, amateur PaBe
D:5 exclusion: downstairs


Innate Abilities, Weirdness & Mutations

You passively map a small area around you.
You are easily found by Zot.
You glow in the dark.
You regain HP and MP as you explore.


Message History

The gnoll hits you but does no damage.
The gnoll hits you from afar with a +0 spear.
You closely miss the gnoll.
The gnoll is severely wounded.
The gnoll hits you but does no damage. x2
You hit the gnoll.
You kill the gnoll!
Lugonu accepts your kill.
The gnoll hits you from afar with a +0 spear.
You slash the ogre!
The ogre is moderately wounded.
The ogre hits you with a +0 giant spiked club.
The gnoll hits you from afar with a +0 spear.
You hit the ogre.
The ogre is moderately wounded.
The gnoll hits you but does no damage.
You hit the ogre.
The ogre is heavily wounded.
The ogre hits you with a +0 giant spiked club!!
* * * LOW HITPOINT WARNING * * *
The gnoll hits you from afar with a +0 spear.
* * * LOW HITPOINT WARNING * * *
Press: ? - help, Shift-Dir - straight line, f - ogre
Aim: an ogre, wielding a +0 giant spiked club (heavily wounded, chance to affect: 83%)
Okay, then.
You feel much better.
The ogre hits you with a +0 giant spiked club!!
* * * LOW HITPOINT WARNING * * *
The gnoll hits you from afar with a +0 spear.
* * * LOW HITPOINT WARNING * * *
Okay, then.
Press: ? - help, Shift-Dir - straight line, f - ogre
Aim: an ogre, wielding a +0 giant spiked club (heavily wounded, chance to affect: 83%)
Okay, then.
Press: ? - help, Shift-Dir - straight line, f - ogre
Aim: an ogre, wielding a +0 giant spiked club (heavily wounded, chance to affect: 83%)
The ogre is devoured by a tear in reality.
Lugonu claims a new guest.
The gnoll hits you from afar with a +0 spear.
You die...

, * #........#
##.#
.........###..#
.........##..##
*
#........##.##
*.### #...# * *
..# ###.### .
*#.###...# ...,
#.##..###
.!...##.§#@## ,
........gg§# ,
......######
....# ### * ,
*** , , ,


You could see 2 gnolls.

Vanquished Creatures
  An ice beast (D:5)
  2 scorpions (D:4)
  A jelly (D:5)
  A gnoll (D:5)
  2 white imps (D:5)
  A worm (D:4)
  A dart slug (D:1)
  6 orcs
  6 bats
  5 endoplasms
  3 giant cockroaches
  4 hobgoblins
  7 jackals
  A quokka (D:1)
  8 ball pythons
  3 frilled lizards
  9 goblins
  6 kobolds
  6 rats
73 creatures vanquished.

Notes
Turn   | Place    | Note
-------+----------+-------------------------------------------
     0 | Abyss:1  | PieDemon the Meteoran Abyssal Knight began the quest for
                  | the Orb.
     0 | Abyss:1  | Reached XP level 1. HP: 19/19 MP: 3/3
     1 | D:1      | Escaped the Abyss
   119 | D:1      | Reached XP level 2. HP: 26/26 MP: 4/4
   149 | D:1      | Reached skill level 3 in Axes
   297 | D:1      | Reached XP level 3. HP: 30/31 MP: 6/6
   412 | D:2      | Reached *** piety under Lugonu
   447 | D:2      | Found a glowing silver altar of Zin.
   785 | D:2      | Reached XP level 4. HP: 38/38 MP: 7/7
   800 | D:3      | Found an opulent altar of Gozag.
   959 | D:4      | Noticed a scorpion
   966 | D:4      | Killed a scorpion
   967 | D:4      | Reached skill level 4 in Axes
   967 | D:4      | Reached XP level 5. HP: 41/45 MP: 4/8
   987 | D:4      | Found a runed translucent door.
   990 | D:4      | Noticed ProzacElf's ghost (amateur PaBe)
  1006 | D:4      | Noticed a wyvern
  1009 | D:4      | Banished a wyvern
  1010 | D:4      | Reached skill level 5 in Axes
  1010 | D:4      | Reached XP level 6. HP: 48/51 MP: 4/10
  1025 | D:4      | Reached XP level 7. HP: 40/57 MP: 6/11
  1088 | D:5      | Entered Level 5 of the Dungeon
  1145 | D:3      | Reached skill level 6 in Axes
  1354 | D:5      | Reached skill level 5 in Invocations
  1399 | D:5      | HP: 2/57 [gnoll/+0 spear (1)]
  1400 | D:5      | Slain by a gnoll

Illustrated notes

Levels and vault maps discovered:
D:1:      mrwooster_arrival_arrow, layout_basic,
          hellmonk_ecumenical_altar_watching_god
D:2:      layout_loops_corners, basic_altar
D:3:      layout_rooms, nicolae_gozag_seed_capital
D:4:      layout_cave_pools, minmay_temple_entry_ruins, ebering_ghost_sewer_d,
          st_stairs_1, minivault_11
D:5:      minmay_spotlight, layout_basic, mainiacjoe_overflow_alcove_4
D:6:      layout_basic, mainiacjoe_overflow_divided_tiny, uniq_blork_the_orc,
          uniq_sigmund

Skill      XL: |  1  2  3  4  5  6  7 |
---------------+----------------------+-----
Axes           | 3 4 5 6 |  6.8
Invocations    | 3 4 5 |  5.3
Armour         | 3 4 |  4.4
Fighting       | |  3.2
Dodging        | |  1.2

Action                   |  1- 3 |  4- 6 |  7- 9 || total
-------------------------+-------+-------+-------++-------
Melee: Hand axe          |   106 |    64 |   106 ||   276
       Punch             |       |       |     3 ||     3
Invok: Banish            |       |     2 |     1 ||     3
  Use: Scroll            |       |     3 |       ||     3
       Potion            |       |       |     2 ||     2
Armor: Plate armour      |    79 |    46 |    79 ||   204
       Leather armour    |     1 |       |       ||     1
Dodge: Dodged            |    22 |    14 |    10 ||    46
